 Dungeon Sprint DCSS version 0.28.0-45-g0d030f2227 (webtiles) character file.

Game seed: 7050171221525079053

2200000 protoss039 the Acrobat (level 16, -1/148 HPs)
             Began as a Djinni Warper on May 15, 2022.
             Was a Priest of Makhleb.
             Slain by a large bag of meat
             ... wielding a +9 giant spiked club
              (36 damage)
             ... in the Dungeon (Sprint VIII: "Arena of Blood").
             The game lasted 00:01:00 (22 turns).

protoss039 the Acrobat (Djinni Warper)                Turns: 22, Time: 00:01:01

Health: -1/148     AC:  5    Str: 16    XL:     16   Next: 49%
Gold:   0          EV: 24    Int: 17    God:    Makhleb [***...] SH:  0 Dex: 13

rFire   + + .      SeeInvis .   h - +∞ Axe of Woe
rCold   x . .      Faith    .   (shield currently unavailable)
rNeg    . . .      Spirit   .   a - +0 leather armour
rPois   ∞          Reflect  .   (no helmet)
rElec   .          Harm     .   (no cloak)
rCorr   .          Rampage  .   (no gloves)
Will    +....      NoTele   +   (boots unavailable)
Stlth   +.........              (no amulet)
HPRegen 0.34/turn               (no ring)
MPRegen 0.00/turn               (no ring)

@: flying
A: sickness immunity, fire resistance 2, cold vulnerability 1, float, innate
caster, HP casting, extra vitality 1
a: Renounce Religion, Minor Destruction, Lesser Servant of Makhleb


You were in the Dungeon.
You worshipped Makhleb.
Makhleb was most pleased with you.
You visited 1 branch

Inventory:

Hand Weapons
 h - the +∞ Axe of Woe (weapon)
   (You found it in the Dungeon)
Missiles
 c - 5 boomerangs of dispersal (quivered)
Armour
 a - a +0 leather armour (worn)
Scrolls
 b - 2 scrolls of blinking
Potions
 d - a potion of curing
 e - a potion of heal wounds
 f - a potion of haste
 g - a potion of berserk rage


   Skills:
 * Level 24.9 Fighting
 - Level 0.7 Throwing
 + Level 18.2 Armour
 * Level 26.8 Dodging
 - Level 2.0 Unarmed Combat
 - Level 2.4 Spellcasting
 * Level 24.7 Invocations


You couldn't memorise any spells.
You knew the following spells:

 Your Spells              Type           Power      Damage    Failure   Level
a - Blink                 Tloc           20%        N/A       12%         2
b - Lesser Beckoning      Tloc           10%        N/A       22%         3
c - Gell's Gravitas       Tloc           10%        N/A       22%         3
d - Teleport Other        Tloc           10%        N/A       22%         3
e - Manifold Assault      Tloc           10%        N/A       91%         5
f - Beastly Appendage     Tmut           20%        N/A       8%          1
g - Passwall              Tmut/Erth      8%         N/A       12%         2
h - Corpse Rot            Necr/Air       20%        N/A       12%         2
i - Portal Projectile     Hex/Tloc       20%        N/A       22%         3
j - Iskenderun's Mystic   Conj/Tloc      10%        2d4       58%         4
k - Silence               Hex/Air        5%         N/A       91%         5
l - Death Channel         Necr           5%         N/A       100%        6
Your spell library was empty.


Dungeon Overview and Level Annotations

Branches:
Dungeon (1/1)

Altars:
Makhleb


Innate Abilities, Weirdness & Mutations

You are immune to sickness and miasma.
You are immune to poison.
Your flesh is very heat resistant. (rF++)
You are vulnerable to cold. (rC-)
You float through the air rather than walking.
You learn spells naturally, not from books.
Your magical power is your life essence.
You have superior vitality. (+4 MHP)


Message History

You have reached level 16!
You feel clever.
Unknown command.
Unknown command.
Unknown command.
Unknown command.
Unknown command.
Unknown command.
Unknown command.
Unknown command.
Unknown command.
Unknown command.
The bag of meat shouts!
You hear a shout! x4
A bag of meat comes into view. It is wielding a +9 war axe.
You hear a shout! x11
Unknown command.
Unknown command.
Unknown command.
Unknown command.
You slash the meat berserker!
You dissect the meat berserker like a pig carcass.
You kill the meat berserker!
Makhleb accepts your kill.
You can now summon a lesser servant of Makhleb.
You slash the bag of meat!
You hew the bag of meat savagely.
You kill the bag of meat!
Makhleb accepts your kill.
The large bag of meat appears out of thin air!
A large bag of meat comes into view. It is wielding a +9 giant spiked club.
The destroyer appears out of thin air!
A destroyer comes into view. It is wielding a +9 vorpal great sword.
The large bag of meat shouts in stereo!
The destroyer shouts!
You hear a shout! x6
A bag of meat comes into view. It is wielding a +9 war axe.
You hear a shout! x5
The meat berserker hits you with a +9 battleaxe!!!
You hear a shout! x2
The large bag of meat hits you with a +9 giant spiked club!!!
* * * LOW HITPOINT WARNING * * *
The large bag of meat hits you with a +9 giant spiked club!!!
You die...

#.... .# #... #...
..# ...O###...
o.###.
.........###......
.#....V..._.o....
.......#).)..#
.......#_)<._#
......)#)....#.
#...o)@O._......
.......O)###......
....###oo.O ..###.
... #o..Oo.o# .
#o......#
.........
.......o.
o........


You could see a destroyer, 3 large bags of meat, 2 meat berserkers and 10 bags
of meat.

Vanquished Creatures
  2 vampire knights (D)
  4 ogres (D)
  3 orcs (D)
9 creatures vanquished.

Notes
Turn   | Place    | Note
-------+----------+-------------------------------------------
     0 | D        | Found the +∞ Axe of Woe
     0 | D        | protoss039 the Djinni Warper began the quest for the Orb.
     0 | D        | Reached XP level 1. HP: 18/18 MP: 0/0
     0 | D        | Noticed a bag of meat
     4 | D        | Became a worshipper of Makhleb the Destroyer
     6 | D        | Noticed a meat berserker
     6 | D        | Killed a bag of meat
     7 | D        | Reached skill level 10 in Armour
     7 | D        | Reached skill level 15 in Dodging
     7 | D        | Reached XP level 2. HP: 42/42 MP: 0/0
     7 | D        | Reached XP level 3. HP: 48/48 MP: 0/0
     7 | D        | Learned a level 1 spell: Beastly Appendage
     7 | D        | Reached XP level 4. HP: 54/54 MP: 0/0
     7 | D        | Reached XP level 5. HP: 59/59 MP: 0/0
     7 | D        | Learned a level 2 spell: Passwall
     7 | D        | Reached XP level 6. HP: 66/66 MP: 0/0
     7 | D        | Reached XP level 7. HP: 71/71 MP: 0/0
     7 | D        | Learned a level 2 spell: Corpse Rot
     7 | D        | Reached XP level 8. HP: 77/77 MP: 0/0
     7 | D        | Reached XP level 9. HP: 83/83 MP: 0/0
     7 | D        | Learned a level 3 spell: Portal Projectile
     7 | D        | Reached XP level 10. HP: 89/89 MP: 0/0
     7 | D        | Reached XP level 11. HP: 94/94 MP: 0/0
     7 | D        | Learned a level 4 spell: Iskenderun's Mystic Blast
     8 | D        | Noticed a meat berserker
     9 | D        | Killed a meat berserker
     9 | D        | Reached * piety under Makhleb
    10 | D        | Reached skill level 19 in Dodging
    10 | D        | Reached XP level 12. HP: 89/108 MP: 0/0
    10 | D        | Reached XP level 13. HP: 93/113 MP: 0/0
    10 | D        | Learned a level 5 spell: Silence
    10 | D        | Killed a meat berserker
    11 | D        | Reached skill level 21 in Dodging
    11 | D        | Reached XP level 14. HP: 103/124 MP: 0/0
    11 | D        | Noticed a bag of meat
    11 | D        | Noticed a bag of meat
    11 | D        | Noticed a bag of meat
    14 | D        | Noticed a meat berserker
    15 | D        | Killed a meat berserker
    16 | D        | Reached skill level 15 in Armour
    16 | D        | Reached skill level 22 in Dodging
    16 | D        | Killed a bag of meat
    16 | D        | Reached ** piety under Makhleb
    16 | D        | Noticed a large bag of meat
    17 | D        | Reached skill level 23 in Dodging
    17 | D        | Reached XP level 15. HP: 135/135 MP: 0/0
    17 | D        | Learned a level 6 spell: Death Channel
    17 | D        | Noticed a destroyer
    18 | D        | Killed a destroyer
    18 | D        | Noticed a destroyer
    19 | D        | Reached skill level 25 in Dodging
    19 | D        | Noticed a meat berserker
    19 | D        | Noticed a large bag of meat
    19 | D        | Noticed a meat berserker
    20 | D        | Killed a destroyer
    20 | D        | Noticed a meat berserker
    21 | D        | Reached skill level 26 in Dodging
    21 | D        | Reached XP level 16. HP: 148/148 MP: 0/0
    22 | D        | Killed a meat berserker
    22 | D        | Reached *** piety under Makhleb
    22 | D        | Noticed a large bag of meat
    22 | D        | Noticed a destroyer
    22 | D        | Slain by a large bag of meat

Illustrated notes

Levels and vault maps discovered:
D:        meatsprint

Skill      XL: |  1  2  3  4  5  6  7  8  9 10 11 12 13 14 15 |
---------------+----------------------------------------------+-----
Fighting       | 14 17 19 21 24 | 24.9
Armour         | 10 12 14 15 18 | 18.2
Dodging        | 15 19 21 23 26 | 26.8
Invocations    | 13 17 19 21 24 | 24.7
Throwing       | |  0.7
Unarmed Combat | |  2.0
Spellcasting   | |  2.4

Action                   |  1- 3 |  4- 6 |  7- 9 | 10-12 | 13-15 | 16-18 || total
-------------------------+-------+-------+-------+-------+-------+-------++-------
Melee: Executioner's axe |     1 |       |       |     1 |     5 |     1 ||     8
